 Dungeon Crawl Stone Soup version 0.26-a0-597-gb535b0901c (webtiles) character file.

Game seed: 1177888957473628969

2550 vurker the Frost Mage (level 9, -3/59 (61) HPs)
             Began as an Octopode Ice Elementalist on Sept 11, 2020.
             Was an Initiate of Vehumet.
             Slain by an orc wizard
             ... wielding a +2 dagger of electrocution
              (18 damage)
             ... on level 7 of the Dungeon.
             The game lasted 00:12:14 (8686 turns).

vurker the Frost Mage (Octopode Ice Elementalist)   Turns: 8686, Time: 00:12:14

HP:   -3/59 (61)    AC:  3    Str:  8    XL:     9   Next: 56%
MP:   11/28         EV: 13    Int: 20    God:    Vehumet [......]
Gold: 441           SH:  7    Dex: 12    Spells: 10/22 levels left

rFire    . . .     SeeInvis .   b - +0 short sword
rCold    + . .     Faith    .   r - +2 buckler
rNeg     . . .     Spirit   .   l - +2 hat
rPois    .         Reflect  .   (no amulet)
rElec    .         Harm     .   h - ring of protection from cold
rCorr    .                      n - ring of stealth
MR       .....                  p - ring of magical power
Stlth    ++++......             (no ring)
HPRegen  0.19/turn              (no ring)
MPRegen  0.21/turn              (no ring)
                                (no ring)
                                (no ring)

@: slowed, very slow
A: almost no armour, stealthy swim, amphibious, 8 rings, constrict 8, camouflage
1, gelatinous body 1
a: Renounce Religion


You were on level 7 of the Dungeon.
You worshipped Vehumet.
Vehumet was noncommittal.
You visited 2 branches of the dungeon, and saw 8 of its levels.

You collected 441 gold pieces.

Inventory:

Hand Weapons
 b - a +0 short sword (weapon)
   (You took it off a kobold on level 1 of the Dungeon)
Armour
 l - a +2 hat (worn)
   (You found it on level 2 of the Dungeon)
 r - a +2 buckler (worn)
   (You found it on level 4 of the Dungeon)
Jewellery
 h - a ring of protection from cold (left tentacle)
   (You found it on level 2 of the Dungeon)
 n - a ring of stealth (right tentacle)
   (You found it on level 3 of the Dungeon)
 p - a ring of magical power (on tentacle)
   (You found it on level 3 of the Dungeon)
Wands
 u - a wand of paralysis (7)
   (You found it on level 6 of the Dungeon)
Scrolls
 a - 4 scrolls of remove curse
 g - 4 scrolls of teleportation
 i - a scroll of blinking
 q - 2 scrolls of magic mapping {unknown}
Potions
 c - a potion of heal wounds
 d - 2 potions of brilliance
 e - 2 potions of lignification
 f - a potion of berserk rage {unknown}
 j - 2 potions of magic
 m - a potion of curing
 o - 5 potions of flight
 s - a potion of haste


   Skills:
 + Level 5.1 Fighting
 - Level 2.0 Dodging
 - Level 2.6 Stealth
 - Level 4.0 Shields
 * Level 7.2 Spellcasting
 * Level 8.5 Ice Magic


You had 10 spell levels left.
You knew the following spells:

 Your Spells              Type           Power        Failure   Level
a - Freeze                Ice            ####         1%          1
b - Frozen Ramparts       Ice            #####.       1%          3
c - Hailstorm             Conj/Ice       ###.....     16%         4
d - Summon Ice Beast      Ice/Summ       ###.....     16%         4

Your spell library contained the following spells:

 Spells                   Type           Power        Failure   Level
 Ozocubu's Armour         Ice            #####...     1%          3
 Shock                    Conj/Air       #...         10%         1
 Swiftness                Air            #.......     14%         2
 Static Discharge         Conj/Air       #.......     28%         3
 Airstrike                Air            #.........   67%         4
 Lightning Bolt           Conj/Air       #.........   95%         5


Dungeon Overview and Level Annotations

Branches:
Dungeon (7/15)             Temple (1/1) D:6

Altars:
Fedhas
Gozag
Hepliaklqana
Makhleb
Nemelex Xobeh
Okawaru
Qazlal
Ru
Sif Muna
Trog
Vehumet
Wu Jian
Xom
Yredelemnul
Zin
The Shining One
Lugonu

Annotations:
D:2 exclusion: oklob plant


Innate Abilities, Weirdness & Mutations

You cannot wear most types of armour.
You are very stealthy in the water. (Stealth+)
You are amphibious.
You can wear up to eight rings at the same time.
You can use your tentacles to constrict eight enemies at once.
Your skin changes colour to match your surroundings (Stealth+).
Your rubbery body absorbs attacks. (AC +1, EV +1)


Message History

The wall freezes the orc priest.
The phantom resists.
The wall freezes the phantom.
An orc comes into view. It is wielding a +0 flail.
Your ice beast closely misses the phantom.
You hit the phantom.
You squeeze the phantom, but do no damage.
You constrict the orc wizard.
Your ice beast disappears in a puff of smoke!
You block the orc wizard's attack.
The wall freezes the orc priest!
You kill the orc priest!
Vehumet accepts your kill.
The phantom completely resists.
The wall freezes the phantom but do no damage.
The phantom completely misses you.
The orc wizard gestures at you while chanting.
You feel yourself slow down.
The wall freezes the orc!
You kill the orc!
Vehumet accepts your kill.
Aim: an orc wizard, wielding a +0 dagger, wearing a +0 robe and wearing an uncursed ring of resist corrosion (severely wounded, constricted by you, fast)
You freeze the orc wizard.
You kill the orc wizard!
Vehumet accepts your kill.
The phantom resists.
The wall freezes the phantom.
The phantom blinks!
You miss the phantom.
The frozen ramparts melt away.
The phantom blinks!
You closely miss the phantom. You block the phantom's attack.
An orc wizard comes into view.
It is wielding a +2 dagger of electrocution and wearing a +1 robe of positive energy.
A chill wind blows around you.
The phantom blinks!
The phantom misses you.
The orc wizard hits your ice beast with a +2 dagger of electrocution.
Lightning courses through your ice beast!
A chill wind blows around you. The phantom closely misses you.
The orc wizard closely misses your ice beast.
You hit the phantom. You squeeze the phantom. The phantom hits you!
* * * LOW HITPOINT WARNING * * *
Your ice beast barely misses the phantom.
Your ice beast closely misses the orc wizard.
The phantom hits you.
* * * LOW HITPOINT WARNING * * *
You block the orc wizard's attack.
Your ice beast barely misses the phantom.
Your ice beast misses the orc wizard.
The phantom blinks!
The orc wizard hits you with a +2 dagger of electrocution.
* * * LOW HITPOINT WARNING * * *
Your ice beast barely misses the orc wizard.
Aim: an orc wizard, wielding a +2 dagger of electrocution and wearing a +1 robe of positive energy You freeze the orc wizard!
The orc wizard hits you with a +2 dagger of electrocution.
* * * LOW HITPOINT WARNING * * *
You are electrocuted!!
You die...

### ..# #.#
#.#######.#
#......^.W# #
#...ยง# ..###
#...Y# ....# #.)o@#
#### #..##...Y#
#..# #...###)#
##.#######..#.)#
#........##.#.####
######............#
#..#..........
##.#.###..#### #...
#####.#.###.##
#.......


You could see an orc wizard and 2 friendly ice beasts.

Vanquished Creatures
  A hippogriff (D:7)
  Sigmund (D:3)
  3 orc warriors
  A necrophage (D:7)
  7 ogres
  A centaur (D:3)
  2 bullfrogs
  Blork the orc (D:6)
  A jelly (D:6)
  A centaur skeleton (D:4)
  A hound (D:5)
  4 orc wizards
  4 orc priests
  2 iguanas
  4 worker ants
  4 gnolls (D:5)
  A worker ant zombie (D:6)
  12 adders
  3 shadow imps (D:5)
  A white imp (D:5)
  An ooze (D:3)
  An adder skeleton (D:4)
  3 worms
  2 dart slugs (D:2)
  4 leopard geckos
  41 orcs
  5 ball pythons
  4 giant cockroaches
  13 goblins
  12 hobgoblins
  4 jackals
  6 kobolds
  2 quokkas (D:2)
  8 bats
  5 frilled lizards
  A jackal skeleton (D:5)
  7 rats
174 creatures vanquished.

Vanquished Creatures (collateral kills)
  Menkaure (D:6)
  An ice beast (D:6)
  A phantom (D:5)
3 creatures vanquished.

Vanquished Creatures (others)
  2 fungi (D:2)
  19 toadstools (D:2)
21 creatures vanquished.

Grand Total: 198 creatures vanquished

Notes
Turn   | Place    | Note
-------+----------+-------------------------------------------
     0 | D:1      | vurker the Octopode Ice Elementalist began the quest for
                  | the Orb.
     0 | D:1      | Reached XP level 1. HP: 11/11 MP: 3/3
   412 | D:1      | Reached XP level 2. HP: 12/18 MP: 5/5
  1226 | D:2      | Found a faded altar of an unknown god.
  1232 | D:2      | Reached skill level 1 in Fighting
  1232 | D:2      | Reached XP level 3. HP: 19/23 MP: 2/6
  1274 | D:1      | Learned a level 3 spell: Frozen Ramparts
  2064 | D:2      | Reached XP level 4. HP: 19/28 MP: 8/8
  2711 | D:2      | Found a blossoming altar of Fedhas.
  2733 | D:2      | Noticed an oklob plant
  3182 | D:3      | Reached XP level 5. HP: 34/34 MP: 5/9
  3247 | D:3      | Reached skill level 5 in Ice Magic
  3250 | D:3      | Noticed Sigmund
  3269 | D:3      | Killed Sigmund
  3269 | D:3      | Reached XP level 6. HP: 34/41 MP: 4/12
  3336 | D:3      | Learned a level 4 spell: Hailstorm
  3341 | D:3      | Learned a level 4 spell: Summon Ice Beast
  3797 | D:3      | You fall into a shaft and drop 3 floors!
  3797 | D:6      | Found a staircase to the Ecumenical Temple.
  3797 | D:6      | Noticed an orc warrior
  3800 | D:6      | Noticed Menkaure
  3801 | D:6      | Noticed an ice beast
  3804 | D:5      | Entered Level 5 of the Dungeon
  3811 | D:5      | Reached XP level 7. HP: 35/45 MP: 13/13
  3811 | D:5      | Reached skill level 6 in Ice Magic
  4066 | D:4      | Found a glowing golden altar of the Shining One.
  4223 | D:3      | Found an iron altar of Okawaru.
  4700 | D:4      | Reached skill level 5 in Spellcasting
  4787 | D:4      | Reached skill level 1 in Shields
  4857 | D:4      | Found a stormy altar of Qazlal.
  5386 | D:5      | Reached XP level 8. HP: 52/52 MP: 15/15
  5429 | D:5      | Found an opulent altar of Gozag.
  5644 | D:5      | Found a shimmering altar of Xom.
  5647 | D:5      | Noticed an angel
  5650 | D:5      | Found a glowing silver altar of Zin.
  5704 | D:5      | Got a brightly glowing spear
  5736 | D:5      | Identified the +5 spear of Oenomania {flame, rPois rC+
                  | Int-5 Dex+8} (You found it on level 5 of the Dungeon)
  6017 | D:5      | Reached skill level 7 in Ice Magic
  6366 | D:5      | Found a bloodstained altar of Trog.
  6396 | D:5      | Found a hazy altar of Hepliaklqana.
  6592 | D:6      | Found a sparkling altar of Nemelex Xobeh.
  7184 | D:6      | Killed Menkaure
  7413 | Temple   | Entered the Ecumenical Temple
  7426 | Temple   | Became a worshipper of Vehumet
  7496 | D:6      | Reached XP level 9. HP: 46/59 MP: 18/18
  7599 | D:6      | Noticed Blork the orc
  7605 | D:6      | Killed Blork the orc
  8148 | D:7      | Found a shimmering altar of Xom.
  8148 | D:7      | Found a shimmering altar of Xom.
  8149 | D:7      | Found a shimmering altar of Xom.
  8149 | D:7      | Found a shimmering altar of Xom.
  8149 | D:7      | Found a shimmering altar of Xom.
  8271 | D:7      | Reached skill level 8 in Ice Magic
  8430 | D:7      | Reached skill level 5 in Fighting
  8686 | D:7      | Slain by an orc wizard

Illustrated notes

Levels and vault maps discovered:
D:1:      lemuel_arrival_rhombus, layout_loops_ring
D:2:      layout_loops_ring, tgw_fedhas, chequers_ecumenical_altar_island,
          minmay_misc_feat_tower, minmay_fractal_squares_gapless_5
D:3:      layout_loops_corners, lemuel_doored_altar,
          cheibrodos_sewer_entry_sluice, st_stairs_7, due_unseen_surprise,
          uniq_sigmund
D:4:      layout_rooms, nicolae_qazlal_general_emergency, tso_metal_star
D:5:      layout_loops_ring, grunt_temple_overflow_order_and_chaos_1,
          nicolae_gozag_seed_capital, kennysheep_little_box,
          nicolae_overflow_hidden_temple, kennysheep_flooded_box
D:6:      layout_rooms, overflow_temple_1_default, temple_fountains,
          minmay_misc_feat_rugged, uniq_blork_the_orc, uniq_menkaure
D:7:      layout_rooms, minitemple, serial_aquarium, aquarium_bridge_square
          [aquarium_subvault_bridge, aquarium_subvault_bridge,
          aquarium_subvault_bridge, aquarium_subvault_wall],
          aquarium_bridge_island_large [aquarium_subvault_large_water,
          aquarium_subvault_wall, aquarium_subvault_wall,
          aquarium_subvault_wall, aquarium_subvault_bridge], aquarium_window_1,
          aquarium_window_fake, aquarium_window_fake, aquarium_view_2a,
          aquarium_view_2d, xom_redecorated
Temple:   corrupted_temple

Skill      XL: |  1  2  3  4  5  6  7  8  9 |
---------------+----------------------------+-----
Fighting       | 1 2 3 4 5 |  5.1
Spellcasting   | 3 4 5 6 7 |  7.2
Ice Magic      | 5 6 7 8 |  8.5
Shields        | 1 3 4 |  4.0
Dodging        | |  2.0
Stealth        | |  2.6

Action                   |  1- 3 |  4- 6 |  7- 9 || total
-------------------------+-------+-------+-------++-------
Melee: Unarmed           |     8 |       |       ||     8
       Constrict         |    19 |    20 |    21 ||    60
       Short sword       |    59 |    52 |   119 ||   230
       Tentacles         |     7 |     7 |    16 ||    30
 Cast: Freeze            |     8 |    11 |    61 ||    80
       Frozen Ramparts   |       |    10 |    37 ||    47
       Hailstorm         |       |       |     2 ||     2
       Summon Ice Beast  |       |       |    13 ||    13
  Use: Scroll            |       |       |    12 ||    12
       Potion            |       |       |     2 ||     2
 Stab: Sleeping          |    13 |    10 |     5 ||    28
Armor: Skin              |     4 |     6 |    20 ||    30
Dodge: Dodged            |    25 |    42 |   106 ||   173
Block: Buckler           |       |       |    41 ||    41

Table legend: (Time is in decaauts)
 A = Elapsed time spent in this place.
 B = Non-inter-level travel time spent in this place.
 C = Inter-level travel time spent in this place.
 D = Time resting spent in this place.
 E = Time spent auto-exploring this place.
 F = Levels seen in this place.
 G = Mean time per level.
                   A        B        C        D        E       F      G
               +--------+--------+--------+--------+--------+-----+--------+
         Total |   8721 |   8373 |    348 |    405 |   6586 |   8 | 1090.1 |
       Dungeon |   8656 |   8320 |    336 |    369 |   6579 |   7 | 1236.6 |
        Temple |     65 |     53 |     12 |     36 |      7 |   1 |   65.0 |
               +--------+--------+--------+--------+--------+-----+--------+

Top non-repeatable levels by time:
     D:5: 1890 daAuts
     D:2: 1554 daAuts
     D:3: 1423 daAuts
     D:1: 1269 daAuts
     D:4: 1028 daAuts
     D:6: 891 daAuts
     D:7: 598 daAuts
  Temple: 65 daAuts
